 Dungeon Crawl Stone Soup version 0.18-a0-49-gd105b5a (webtiles) character file.

1984279 onono the Shatterer (level 27, 220/220 HPs)
             Began as a Formicid Fighter on Nov 2, 2015.
             Was a High Priest of Qazlal.
             Escaped with the Orb
             ... and 4 runes on Nov 7, 2015!
             The game lasted 09:44:54 (100823 turns).

onono the Shatterer (Formicid Fighter)            Turns: 100823, Time: 09:44:54

Health: 220/220    AC: 36    Str: 27    XL:     27
Magic:  35/35      EV: 15    Int: 12    God:    Qazlal [*****.]
Gold:   5057       SH: 30    Dex: 13    Spells: 2 memorised, 23 levels left

rFire  + + +     SeeInvis +     d - +3 great mace (freeze)
rCold  + + +     Clarity  .     X - +6 plate armour "Zuklim" {rElec rC++ Int+2}
rNeg   + . .     SustAt   .     v - +5 shield {reflect}
rPois  +         Gourm    .     (helmet unavailable)
rElec  +         Spirit   .     y - +1 ratskin cloak {rPois rN+ Int-1 Dex-1}
rCorr  .         Warding  .     I - +2 pair of gloves {archery}
rMut   +         Stasis   +     U - +2 pair of boots {Stlth+}
MR     ++...                    B - amulet of Jac Tuh {rMut rF+ rC+ SInv}
Stlth  ..........               t - +6 ring of slaying
                                S - ring "Ecweuthy" {+Blink +Fly rElec rF++ Stlth-}

@: repel missiles, very resistant to hostile enchantments, extremely unstealthy
A: permanent stasis, dig shafts and tunnels, four strong arms, antennae 3
a: Dig, Shaft Self, Upheaval, Elemental Force, Disaster Area, Renounce Religion,
Evoke Flight
0: Orb of Zot
}: 4/15 runes: barnacled, slimy, silver, gossamer


You escaped.
You worshipped Qazlal.
Qazlal was extremely pleased with you.
You were full.

You visited 12 branches of the dungeon, and saw 61 of its levels.
You visited 1 ziggurat, and saw 9 of its levels.
You also visited: Volcano and Wizlab.

You collected 8984 gold pieces.
You spent 3927 gold pieces at shops.

Inventory:

Hand Weapons
 a - a +8 great mace of flaming
 b - the +7 arbalest of Noon {speed, Int+6 Dex+2}
   (You bought it in a shop on level 4 of the Orcish Mines)

   Attacks with this weapon are significantly faster.
   It affects your intelligence (+6).
   It affects your dexterity (+2).
 d - a +3 great mace of freezing (weapon)
 m - a +2 demon whip of electrocution
 M - the +5 demon whip "Spellbinder" {antimagic, MR+}
   (You found it on level 6 of the Pits of Slime)

   It disrupts the flow of magical energy around spellcasters and certain
   magical creatures (including the wielder).
   It affects your resistance to hostile enchantments.
Missiles
 l - 64 silver bolts
 n - 48 bolts of penetration
 V - 1093 bolts
Armour
 v - a +5 shield of reflection (worn)
 y - the +1 ratskin cloak (worn) {rPois rN+ Int-1 Dex-1}
   (You bought it in a shop on level 4 of the Orcish Mines)

   It affects your intelligence (-1).
   It affects your dexterity (-1).
   It protects you from poison.
   It protects you from negative energy.
 I - a +2 pair of gloves of archery (worn)
 U - a +2 pair of boots of stealth (worn)
 X - the +6 plate armour "Zuklim" (worn) {rElec rC++ Int+2}
   (You bought it in a shop on level 6 of the Dungeon)

   It affects your intelligence (+2).
   It greatly protects you from cold.
   It insulates you from electricity.
Rods
 p - a +3 rod of inaccuracy (9/9)
   (You took it off a deep elf annihilator on level 3 of the Elven Halls)
Jewellery
 t - a +6 ring of slaying (right hand)
 B - the amulet of Jac Tuh (around neck) {rMut rF+ rC+ SInv}
   (You took it off a deep elf conjurer on level 1 of the Elven Halls)

   [amulet of resist mutation]

   It protects you from mutation.
   It protects you from fire.
   It protects you from cold.
   It lets you see invisible.
 F - the amulet "Fuubul" {Clar -Tele +Inv rF+++ MP-9}
   (You found it on level 1 of the Depths)

   [amulet of clarity]

   It provides mental clarity.
   It renders you almost immune to fire.
   It affects your magic capacity (-9).
   It lets you turn invisible.
   It prevents most forms of teleportation.
 G - the ring "Uli Udigi" {SustAt rC+}
   (You found it on level 9 of a ziggurat)

   [ring of sustain attributes]

   It sustains your strength, intelligence and dexterity.
   It protects you from cold.
 J - an uncursed amulet of resist corrosion
 K - the ring "Bewkiwna" {rC+ rN+ MR+ MP+9 Stlth+}
   (You bought it in a shop on level 4 of the Orcish Mines)

   [ring of stealth]

   It protects you from cold.
   It protects you from negative energy.
   It affects your resistance to hostile enchantments.
   It affects your magic capacity (+9).
   It makes you more stealthy.
 Q - an uncursed amulet of warding
 S - the ring "Ecweuthy" (left hand) {+Blink +Fly rElec rF++ Stlth-}
   (You took it off a deep elf conjurer on level 1 of the Elven Halls)

   [ring of flight]

   It greatly protects you from fire.
   It insulates you from electricity.
   It lets you fly.
   It lets you blink.
   It makes you less stealthy.
Wands
 g - a wand of fireball (9)
 j - a wand of enslavement (7)
 k - a wand of cold (8)
 x - a wand of draining (10)
Scrolls
 e - 3 scrolls of fear
 h - 6 scrolls of magic mapping
 i - 15 scrolls of remove curse
 o - a scroll of silence
 w - a scroll of holy word
 A - 2 scrolls of recharging
 O - 4 scrolls of fog
 P - 12 scrolls of identify
Potions
 W - 2 potions of cancellation
 Y - a potion of invisibility
 Z - 5 potions of resistance
Books
 D - a Fen Folio

   Spells                             Type                      Level
   a - Corpse Rot                     Necromancy                   2
   b - Stone Arrow                    Conjuration/Earth            3
   c - Leda's Liquefaction            Hexes/Earth                  4
   d - Summon Forest                  Summoning/Translocation      5
   e - Hydra Form                     Transmutation                6
   f - Summon Hydra                   Summoning                    7
Miscellaneous
 c - the horn of Geryon
 f - a stone of tremors
 r - a phial of floods (inert)
 s - a disc of storms
 z - a lamp of fire
 C - a legendary deck of wonders {Focus, drawn: 1}
 E - a lantern of shadows
Comestibles
 q - a meat ration
 R - 16 bread rations


   Skills:
 - Level 18.8 Fighting
   Level 4.8 Long Blades
 * Level 26.8(26.9) Maces & Flails
   Level 2.0(18.7) Staves
 + Level 23.4 Crossbows
 * Level 20.9 Armour
 - Level 15.0 Dodging
 - Level 22.0 Shields
 - Level 16.5 Invocations
 - Level 10.0 Evocations


You had 23 spell levels left.
You knew the following spells:

 Your Spells              Type           Power        Failure   Level  Hunger
a - Summon Butterflies    Summ           #.......     97%         1    ##.....
b - Swiftness             Chrm/Air       #.......     99%         2    ###....


Dungeon Overview and Level Annotations

Branches:
Dungeon (15/15)            Temple (0/1) D:5            Lair (8/8) D:10
 Shoals (4/4) Lair:4       Spider (4/4) Lair:4        Slime (6/6) Lair:7
    Orc (4/4) D:12            Elf (3/3) Orc:4        Vaults (5/5) D:14
  Crypt (1/3) Vaults:3     Depths (5/5) D:15           Hell (1/1)
    Dis (0/7) Hell            Geh (0/7) Hell            Coc (0/7) Hell
    Tar (0/7) Hell            Zot (5/5) Depths:5

Altars:
Ashenzari
Fedhas
Kikubaaqudgha
Makhleb
Okawaru
Qazlal
Trog
Xom
Yredelemnul
Zin
The Shining One
Beogh
Jiyva
Lugonu

Shops:
D:4 *   D:6 [[%   D:7 :   D:13 !   Orc:3 }*   Orc:4 (*=[   Vaults:2 :*
Vaults:3 =   Vaults:5 ?

Portals:
Hell: Depths:1 Depths:2 Depths:3 Depths:4 Depths:5
Abyss: Depths:4
Pandemonium: Depths:5

Annotations:
D:9 exclusion: 2 doors
D:10 exclusion: downstairs
Lair:7 exclusion: downstairs
Slime:3 exclusion: downstairs
Vaults:4 exclusion: downstairs


Innate Abilities, Weirdness & Mutations

You are under a permanent stasis effect.
You can dig through walls and to a lower floor.
Your four strong arms can wield two-handed weapons with a shield.
You have a pair of large antennae on your head (SInv).


Message History

There is a stone staircase leading down here.
You thump the rust devil! You freeze the rust devil.
The rust devil is severely wounded.
You sock the rust devil! You freeze the rust devil.
You kill the rust devil!
Qazlal accepts your kill.
There is an escape hatch in the ceiling here.
A mysterious force pulls you upwards. The hatch slams shut behind you.
There is a stone staircase leading up here.
You climb upwards.
There is a stone staircase leading down here.
There is a staircase leading out of the dungeon here.
Unknown command.
Press: ? - help, v - describe, . - travel, g - get item A scale mail.
The floor.
This square is covered in magical glow.
There is a cloud of freezing vapour here.
There is a staircase leading out of the dungeon here.
You have escaped!

##..#.#.............#.........#
...##.#.....##................##
..##....##..........#.(........##
..#..#..#####.....#............>(
........# #...............##.##
..######### ###.....##..(#####.##
..#.......# ##'§.§...###.# #..#
..#.......###.#§.....# #.# ##.#
#########'##.##.@§...###(######.#
#.########..###..........()..##.#
#.#...##..#'######...#.)......#..
..#...'>###.).÷..#...............
..#...### #..>...#...#..........#
..#...# #..÷...#.........####.#
..##### ##########.......### #..
.....####.........######## ###
.....##...#########


There were no monsters in sight!

Vanquished Creatures
  the royal jelly (Slime:6)
  A seraph (Zot:2)
  A pandemonium lord (Zot:5)
  4 orbs of fire (Zot:5)
  5 ancient liches
  3 juggernauts
  The ghost of Azhtabak the Formicid Blade, a veteran FoFi of Ru (Depths:3)
  3 curse toes
  6 Killer Klowns
  A caustic shrike (Depths:5)
  11 golden dragons
  Geryon (Hell)
  Jory (Vaults:2)
  A bone dragon (Depths:5)
  A Hellbinder (WizLab)
  4 electric golems (Zot:5)
  A Brimstone Fiend (Zot:2)
  The ghost of vible the Slayer, an adept HOGl of Makhleb (Depths:1)
  25 Orb Guardians
  22 tentacled monstrosities
  4 liches
  Asterion (Vaults:1)
  2 deep elf master archers (Elf:3)
  3 deep elf blademasters
  8 sphinxes
  5 titans
  25 acid blobs
  A quicksilver dragon (Vaults:5)
  A Shadow Fiend (Zig:9)
  A quicksilver dragon (shapeshifter) (Zig:9)
  A kraken (Shoals:3)
  Polyphemus (Shoals:2)
  10 death cobs
  Agnes (Spider:3)
  A sphinx (shapeshifter) (Zig:6)
  A shadow dragon (shapeshifter) (Zig:9)
  4 shadow dragons
  3 tengu reavers
  10 fire giants
  14 storm dragons
  4 draconian monks
  2 ancient champions
  A revenant (Zig:5)
  Roxanne (Shoals:1)
  20 azure jellies
  Ilsuiw (Shoals:4)
  Wiglaf (Spider:3)
  4 greater nagas (Zig:8)
  Donald (Elf:3)
  3 iron dragons
  5 ghost moths
  9 draconian shifters
  An orc warlord (Orc:4)
  Aizul (Vaults:2)
  12 vault wardens
  4 deep elf sorcerers (Elf:3)
  3 draconian knights
  13 frost giants
  A curse skull (Hell)
  6 draconian scorchers
  5 draconian zealots
  4 balrugs
  7 emperor scorpions
  An angel (Zot:2)
  2 spriggan defenders
  3 draconian annihilators
  5 reapers
  12 ironheart preservers
  9 very ugly things
  A war gargoyle (Vaults:4)
  15 stone giants
  3 draconian callers
  2 salamander firebrands (Hell)
  Nessos (Lair:7)
  9 green draconians
  A salamander stormcaller (Vaults:2)
  10 black draconians
  10 mottled draconians
  13 deep elf demonologists
  5 white draconians
  A dire elephant (Lair:8)
  5 vampire knights
  9 purple draconians
  4 red draconians
  2 yellow draconians
  A chaos champion (Zig:9)
  7 deep elf annihilators
  17 ettins
  8 deep elf death magi
  Snorg (Lair:4)
  A crystal guardian (Vaults:4)
  30 vault guards
  A merfolk javelineer (Shoals:4)
  A jiangshi (Vaults:3)
  2 eidola (Vaults:3)
  23 fire dragons
  A green death (Zig:9)
  13 death oozes
  2 blizzard demons (Hell)
  Josephine (Lair:4)
  10 entropy weavers
  8 merfolk impalers
  19 yaktaur captains
  15 great orbs of eyes
  The ghost of timbw the Brawler, a journeyman VSFi of Okawaru (Lair:8)
  A kraken zombie (Hell)
  The ghost of timbw the Brawler, a journeyman VSFi of Okawaru (Shoals:3)
  5 deep elf high priests
  26 ice dragons
  3 hell beasts (WizLab)
  A quicksilver dragon skeleton (Hell)
  12 merfolk aquamancers
  10 ogre magi
  4 rakshasas
  15 centaur warriors
  3 merfolk avatars
  Erica (D:10)
  An alligator snapping turtle (Shoals:4)
  3 spriggan air magi
  Erolcha (D:10)
  An anaconda (shapeshifter) (Vaults:3)
  13 dancing weapons
  4 catoblepae
  11 tengu warriors
  2 hell hogs (Hell)
  2 satyrs
  3 vampire magi
  12 deep troll shamans
  13 deep troll earth magi
  14 death yaks
  14 hydras
  5 spriggan berserkers
  2 shock serpents (Zig:8)
  6 orc high priests
  8 sun demons
  19 deep elf knights
  A small abomination (Elf:2)
  4 iron trolls
  13 wizards
  2 iron golems (Hell)
  4 soul eaters
  A hell knight (Depths:4)
  4 spriggans
  2 shadow wraiths (Vaults:4)
  A death drake (shapeshifter) (Vaults:4)
  A fire crab (shapeshifter) (Vaults:3)
  2 unseen horrors
  7 ice devils
  8 skeletal warriors
  A golden dragon zombie (Hell)
  A death drake (Zot:2)
  12 deep elf summoners
  A fire crab (Vaults:3)
  10 giant orange brains
  39 deep trolls
  11 sea snakes
  2 anaconda zombies (Hell)
  A cherub (Zot:2)
  A swamp dragon (shapeshifter) (Elf:3)
  A naga ritualist (Zig:8)
  2 flayed ghosts
  3 swamp dragons
  3 hill giants
  4 necromancers
  14 ironbrand convokers
  A kraken simulacrum (Shoals:4)
  A sea snake (shapeshifter) (D:15)
  31 deep elf conjurers
  7 phantasmal warriors
  A shadow dragon zombie (Hell)
  17 harpies
  2 fauns (Shoals:1)
  An iron dragon zombie (Hell)
  16 orb spiders
  8 orc sorcerers
  A sphinx skeleton (Volcano)
  11 orc knights
  10 shining eyes
  27 wolf spiders
  16 griffons
  A shining eye (shapeshifter) (Depths:3)
  2 lindwurms
  4 oklob plants (Lair:7)
  A stone giant zombie (Depths:1)
  A griffon (shapeshifter) (Vaults:4)
  A mana viper (shapeshifter) (Depths:3)
  7 hornets
  A cyclops (shapeshifter) (Zig:6)
  3 sixfirhies
  A stone giant skeleton (Depths:1)
  20 moths of wrath
  15 vault sentinels
  82 ugly things
  12 manticores
  24 elephants
  7 rust devils
  6 centaur zombies
  A hornet (shapeshifter) (Vaults:1)
  Maurice (D:9)
  An apocalypse crab (Zig:9)
  An iron dragon skeleton (Hell)
  6 water nymphs
  7 sirens
  Joseph (Lair:1)
  An octopode (shapeshifter) (D:15)
  6 black mambas
  4 eyes of devastation
  9 cyclopes
  A fire giant skeleton (Hell)
  An elephant (shapeshifter) (Zig:4)
  2 ice statues (Hell)
  4 smoke demons
  An orange demon (WizLab)
  2 gargoyles
  A naga mage (Zig:8)
  5 hellions
  2 torpor snails
  51 yaktaurs
  3 guardian serpents (Zig:8)
  A komodo dragon (shapeshifter) (Zig:6)
  22 deep elf priests
  13 spiny frogs
  7 komodo dragons
  A two-headed ogre (shapeshifter) (Vaults:1)
  2 jumping spiders (shapeshifter)
  A troll (shapeshifter) (D:14)
  3 guardian mummies
  4 fire drakes
  3 tengu conjurers
  4 blue devils
  A hydra zombie (Hell)
  10 kobold demonologists
  2 polar bears (Lair:8)
  32 merfolk
  7 freezing wraiths
  5 red devils (Hell)
  2 giant leeches (Zig:3)
  16 demonic crawlers
  7 trolls
  27 jumping spiders
  A queen bee (D:11)
  A minotaur skeleton (Volcano)
  A deep troll zombie (Hell)
  Prince Ribbit (D:5)
  4 wind drakes
  A raiju (shapeshifter) (Vaults:3)
  A bog body (Zig:3)
  An anaconda simulacrum (Hell)
  A hydra skeleton (Hell)
  A queen bee (shapeshifter) (Vaults:4)
  24 two-headed ogres
  28 blink frogs
  A human simulacrum (Vaults:3)
  15 snapping turtles
  3 boulder beetles
  99 slime creatures
  A boulder beetle (shapeshifter) (Vaults:2)
  7 wraiths
  A slime creature (shapeshifter) (Zig:9)
  2 flying skulls (Volcano)
  27 trapdoor spiders
  3 vampires (Volcano)
  An ice dragon skeleton (Depths:1)
  Sigmund (D:2)
  54 redbacks
  4 shadows
  2 neqoxecs
  13 water elementals
  5 air elementals
  A trapdoor spider (shapeshifter) (Depths:2)
  2 basilisks
  51 yaks
  A spriggan (shapeshifter) (Vaults:2)
  5 fire elementals
  17 hippogriffs
  4 ynoxinuls
  44 deep elf magi
  17 golden eyes
  42 deep elf fighters
  3 hungry ghosts
  23 tarantellas
  A basilisk (shapeshifter) (Depths:5)
  2 chaos spawn (Zig:6)
  20 humans
  4 wyverns
  2 soldier ants (D:8)
  2 hill giant skeletons (Volcano)
  A spatial vortex (Depths:4)
  7 vampire mosquitoes
  Edmund (D:4)
  A steam dragon (D:11)
  A mottled dragon (D:15)
  3 sky beasts
  14 water moccasins
  24 wolves
  50 orc warriors
  4 hell hounds
  32 spiders
  3 phantoms
  5 wargs
  2 swamp drakes (Zig:3)
  7 wasps
  10 porcupines
  A black bear (Lair:8)
  4 ice beasts
  2 spiny frog skeletons (Hell)
  2 boggarts (shapeshifter)
  A necrophage (D:15)
  3 eyes of draining
  15 centaurs
  21 boggarts
  A deep troll simulacrum (Depths:1)
  A fire dragon simulacrum (Hell)
  A manticore skeleton (Volcano)
  56 ogres
  13 crocodiles
  18 giant frogs
  12 big kobolds
  A wyvern zombie (D:11)
  A water moccasin zombie (D:5)
  7 scorpions
  18 wights
  2 troll zombies (D:15)
  33 killer bees
  An electric eel (Spider:2)
  3 spriggan skeletons (Volcano)
  A troll skeleton (D:15)
  12 crimson imps
  A quasit (D:13)
  2 giant frog zombies
  28 orc priests
  50 jellies
  A two-headed ogre skeleton (Volcano)
  Crazy Yiuf (D:2)
  8 centaur skeletons
  5 hounds
  4 giant frog skeletons
  An iron imp (Hell)
  40 orc wizards
  8 human zombies
  Jessica (D:2)
  Terence (D:3)
  12 iguanas
  A human skeleton (D:15)
  13 hell rats
  17 worker ants
  An ogre zombie (Crypt:1)
  22 sheep
  3 ogre skeletons (Volcano)
  A hound zombie (D:7)
  7 mummies
  2 hound skeletons
  10 gnolls
  A river rat (shapeshifter) (Vaults:5)
  57 river rats
  3 shadow imps
  12 white imps (D:11)
  10 adders
  An ufetubus (Zot:3)
  5 oozes
  A halfling zombie (Crypt:1)
  An adder zombie (D:7)
  5 worms
  3 adder skeletons
  4 giant geckos
  208 orcs
  18 bats
  8 hobgoblins
  6 quokkas
  A ball python (D:2)
  5 giant cockroaches
  3 giant newts
  12 goblins
  8 jackals
  A jackal skeleton (D:4)
  29 kobolds
  17 rats
  4 crawling corpses
  91 fungi
  4 lost souls (Hell)
  91 plants
  A spectral weapon (Vaults:1)
  4 tentacles
  A tentacle segment (Shoals:3)
3371 creatures vanquished.

Vanquished Creatures (collateral kills)
  An Orb Guardian (Zot:5)
  A storm dragon (Zot:3)
  A deep elf sorcerer (Elf:3)
  A fire giant (shapeshifter) (Zig:9)
  2 draconian callers (Zot:2)
  Harold (D:12)
  2 dancing weapons (Elf:2)
  2 deep elf knights (Elf:2)
  A phantasmal warrior (Vaults:5)
  An ugly thing (Zig:9)
  A slime creature (Slime:6)
  A deep elf mage (D:12)
  2 yaks (D:12)
  3 deep elf fighters
  A hungry ghost (D:12)
21 creatures vanquished.

Vanquished Creatures (others)
  2 eldritch tentacles
  A fire giant (Vaults:1)
  An emperor scorpion (Spider:4)
  A reaper (Zig:5)
  2 stone giants (Vaults:5)
  A purple draconian (Zot:2)
  A salamander stormcaller (Vaults:5)
  4 yaktaur captains
  An ogre mage (Depths:1)
  3 centaur warriors
  A sun demon (Zot:5)
  A ball lightning (Slime:4)
  13 yaktaurs
  A two-headed ogre (Vaults:3)
  A small abomination (Zot:5)
  A redback (Vaults:4)
  A yak (Lair:6)
  A swamp worm (shapeshifter) (Vaults:2)
  4 ogres
  A centaur (Vaults:1)
  A hell rat (Hell)
  An orc (Zig:2)
  A rat (D:10)
  101 eldritch tentacle segments
  A fire vortex (Vaults:5)
  27 fungi
  2 lost souls (Hell)
  24 plants
  23 tentacles
  752 tentacle segments
975 creatures vanquished.

Grand Total: 4367 creatures vanquished

Notes
Turn   | Place    | Note
--------------------------------------------------------------
     0 | D:1      | onono the Formicid Fighter began the quest for the Orb.
     0 | D:1      | Reached XP level 1. HP: 18/18 MP: 1/1
   149 | D:1      | Reached XP level 2. HP: 20/24 MP: 2/2
   461 | D:2      | Noticed Jessica
   466 | D:1      | Reached XP level 3. HP: 20/29 MP: 3/3
   798 | D:2      | Found a shattered altar of Ashenzari.
   825 | D:2      | Killed Jessica
   825 | D:2      | Reached skill level 4 in Maces & Flails
   825 | D:2      | Reached XP level 4. HP: 33/35 MP: 4/4
   869 | D:2      | Noticed Sigmund
  1060 | D:2      | Noticed Crazy Yiuf
  1069 | D:2      | Killed Crazy Yiuf
  1340 | D:3      | Reached XP level 5. HP: 41/41 MP: 5/5
  1458 | D:3      | Noticed Terence
  1469 | D:3      | Killed Terence
  1469 | D:3      | Reached skill level 5 in Maces & Flails
  1731 | D:3      | Found a shimmering altar of Xom.
  1731 | D:3      | Found a burning altar of Makhleb.
  1739 | D:3      | Reached XP level 6. HP: 47/47 MP: 6/6
  1812 | D:3      | Reached skill level 6 in Maces & Flails
  1994 | D:3      | Found a stormy altar of Qazlal.
  1999 | D:3      | Became a worshipper of Qazlal Stormbringer
  2185 | D:4      | Found Zin's Purification Station.
  2185 | D:4      | Found a glowing silver altar of Zin.
  2454 | D:4      | Reached XP level 7. HP: 25/52 MP: 7/7
  2797 | D:4      | Reached skill level 7 in Maces & Flails
  3170 | D:4      | Reached skill level 8 in Maces & Flails
  3413 | D:4      | Noticed Edmund
  3423 | D:4      | Killed Edmund
  3423 | D:4      | Reached XP level 8. HP: 54/58 MP: 8/8
  3473 | D:4      | Found a bloodstained altar of Trog.
  3500 | D:4      | Reached * piety under Qazlal
  3508 | D:4      | Reached skill level 9 in Maces & Flails
  3678 | D:5      | Entered Level 5 of the Dungeon
  3678 | D:5      | Noticed Prince Ribbit
  3896 | D:5      | Killed Prince Ribbit
  3896 | D:5      | Reached skill level 10 in Maces & Flails
  4049 | D:5      | Found a staircase to the Ecumenical Temple.
  4133 | D:5      | Found a glowing golden altar of the Shining One.
  4747 | D:6      | Found Denuesupn's Food Boutique.
  4762 | D:6      | Reached XP level 9. HP: 64/64 MP: 9/9
  4870 | D:6      | Found an ancient bone altar of Kikubaaqudgha.
  4881 | D:6      | Upgraded the game from 0.18-a0-20-gaede791 to 0.18-a0-23-g19353e1
  4964 | D:6      | Reached skill level 11 in Maces & Flails
  5035 | D:6      | Reached ** piety under Qazlal
  5139 | D:6      | Found Soiferyss's Antique Armour Boutique.
  5147 | D:6      | Bought a glowing cloak for 108 gold pieces
  5250 | D:6      | Found Kupan's Armour Shoppe.
  5615 | D:7      | Found Vofabon's Book Emporium.
  5661 | D:7      | Reached skill level 1 in Invocations
  6219 | D:7      | Reached skill level 12 in Maces & Flails
  6494 | D:7      | Reached XP level 10. HP: 42/70 MP: 12/12
  7083 | D:8      | Reached skill level 5 in Armour
  7853 | D:9      | Reached *** piety under Qazlal
  7950 | D:9      | Found a large runed door.
  7950 | D:9      | Found a large runed door.
  7968 | D:9      | Noticed a naga warrior
  7974 | D:9      | Noticed a naga warrior
  7975 | D:9      | Noticed a centaur warrior
  8449 | D:2      | Killed Sigmund
  8747 | D:9      | Reached skill level 13 in Maces & Flails
  8833 | D:9      | Found an iron altar of Okawaru.
  8878 | D:9      | Noticed Maurice
  8896 | D:9      | Killed Maurice
  9199 | D:9      | Reached XP level 11. HP: 68/75 MP: 13/13
  9529 | D:10     | Entered Level 10 of the Dungeon
  9634 | D:10     | Noticed Erolcha
  9662 | D:10     | Reached **** piety under Qazlal
  9670 | D:10     | Killed Erolcha
  9713 | D:10     | Noticed Erica
 10035 | D:11     | Found a frozen archway.
 10050 | D:11     | Noticed a hill giant
 10074 | D:10     | Reached skill level 14 in Maces & Flails
 10480 | D:10     | Found a staircase to the Lair.
 10616 | D:10     | Killed Erica
 10616 | D:10     | Reached skill level 10 in Armour
 11331 | D:11     | Reached ***** piety under Qazlal
 11392 | D:11     | Noticed an unseen horror
 11414 | D:11     | Killed an unseen horror
 11431 | D:11     | Noticed a centaur warrior
 11434 | D:11     | Noticed a manticore
 11435 | D:11     | Killed a centaur warrior
 11435 | D:11     | Reached XP level 12. HP: 51/83 MP: 14/14
 11512 | D:11     | Reached skill level 5 in Shields
 11760 | D:11     | Reached skill level 15 in Maces & Flails
 11919 | D:11     | Reached skill level 5 in Fighting
 12242 | D:11     | Noticed a skeletal warrior
 12244 | D:11     | Noticed a skeletal warrior
 12248 | D:11     | Noticed a skeletal warrior
 12249 | D:11     | Noticed a skeletal warrior
 12506 | Lair:1   | Entered Level 1 of the Lair of Beasts
 12763 | Lair:1   | Got a shimmering ruby amulet
 12843 | Lair:1   | Reached skill level 5 in Invocations
 12926 | Lair:1   | Noticed Joseph
 12948 | Lair:1   | Killed Joseph
 13929 | Lair:3   | Noticed a six-headed hydra
 13938 | Lair:3   | Killed a six-headed hydra
 13938 | Lair:3   | Reached XP level 13. HP: 62/95 MP: 16/18
 14383 | Lair:3   | You fall through a shaft for 2 floors!
 14626 | Lair:5   | Reached ****** piety under Qazlal
 14821 | Lair:5   | Learned a level 1 spell: Summon Butterflies
 14966 | Lair:4   | Noticed Josephine
 14987 | Lair:4   | Killed Josephine
 16094 | Lair:4   | Noticed Snorg
 16103 | Lair:4   | Killed Snorg
 16146 | Lair:4   | Found an ancient bone altar of Kikubaaqudgha.
 16168 | Lair:4   | Reached skill level 1 in Crossbows
 16227 | Lair:4   | Reached skill level 10 in Fighting
 16249 | Lair:4   | Found a staircase to the Shoals.
 16314 | Lair:4   | Found a hole to the Spider Nest.
 16369 | Lair:4   | Reached XP level 14. HP: 107/110 MP: 16/20
 16706 | Lair:4   | You fall through a shaft for 2 floors!
 17785 | Lair:6   | Reached skill level 16 in Maces & Flails
 18191 | Lair:7   | Found a staircase to the Slime Pits.
 18191 | Lair:7   | Found a viscous altar of Jiyva.
 18486 | Lair:7   | Noticed Nessos
 18643 | Lair:7   | Killed Nessos
 18693 | Lair:7   | Reached skill level 1 in Evocations
 18791 | Lair:7   | Reached skill level 5 in Crossbows
 19766 | Lair:8   | Entered Level 8 of the Lair of Beasts
 19865 | Lair:8   | Reached skill level 5 in Evocations
 19865 | Lair:8   | Reached XP level 15. HP: 115/115 MP: 22/22
 20011 | Lair:8   | Noticed timbw's ghost (journeyman VSFi)
 20037 | Lair:8   | Killed timbw's ghost
 20541 | Lair:8   | Found a blossoming altar of Fedhas.
 20807 | Lair:8   | Reached skill level 10 in Invocations
 20826 | Lair:8   | Reached skill level 1 in Long Blades
 21864 | Slime:1  | Entered Level 1 of the Pits of Slime
 21867 | Slime:1  | Noticed an acid blob
 21878 | Lair:7   | Killed an acid blob
 21878 | Lair:7   | Reached skill level 10 in Crossbows
 22046 | Slime:1  | Noticed an azure jelly
 22055 | Slime:1  | Killed an azure jelly
 23099 | Spider:1 | Entered Level 1 of the Spider Nest
 23179 | Spider:1 | Reached XP level 16. HP: 120/122 MP: 24/24
 24820 | Spider:1 | Reached skill level 10 in Shields
 25232 | D:6      | Bought a bloodstained plate armour for 672 gold pieces
 25242 | D:6      | Identified the +6 plate armour "Zuklim" {rElec rC++ Int+2} (You bought it in a shop on level 6 of the Dungeon)
 25242 | D:6      | Sweet baby Qazlal!
 26229 | Spider:1 | Identified the amulet "Xadofakk" {Stasis Int+2} (You found it on level 1 of the Lair of Beasts)
 27537 | Spider:3 | Noticed Wiglaf
 27543 | Spider:3 | Killed Wiglaf
 27775 | Spider:3 | Noticed Agnes
 27797 | Spider:3 | Killed Agnes
 28041 | Spider:3 | Reached skill level 17 in Maces & Flails
 28827 | Spider:4 | Entered Level 4 of the Spider Nest
 29164 | Spider:4 | Reached XP level 17. HP: 97/128 MP: 26/26
 31992 | Spider:4 | Got a gossamer rune of Zot
 32851 | Shoals:1 | Entered Level 1 of the Shoals
 33790 | D:12     | Noticed Harold
 33803 | D:12     | Killed Harold
 34001 | D:12     | Found a staircase to the Orcish Mines.
 34407 | D:12     | Reached XP level 18. HP: 135/135 MP: 27/27
 35357 | D:14     | Reached skill level 18 in Maces & Flails
 35402 | D:14     | Reached skill level 15 in Crossbows
 35463 | D:14     | Found a gate to the Vaults.
 35767 | D:14     | Found a stormy altar of Qazlal.
 36632 | D:15     | Entered Level 15 of the Dungeon
 36942 | D:15     | Found a basalt altar of Yredelemnul.
 36991 | D:15     | Found a staircase to the Depths.
 37014 | D:15     | Found a corrupted altar of Lugonu.
 37626 | Depths:1 | Entered Level 1 of the Depths
 38225 | D:15     | Reached XP level 19. HP: 131/140 MP: 28/28
 38457 | Orc:1    | Entered Level 1 of the Orcish Mines
 38516 | Orc:1    | Found a dark tunnel.
 38520 | Volcano  | Entered a volcano
 38619 | Volcano  | Reached skill level 19 in Maces & Flails
 39826 | Orc:3    | Found Xanaagey's General Store.
 39906 | Orc:2    | Found a roughly hewn altar of Beogh.
 40427 | Orc:3    | Bought a potion of curing for 51 gold pieces
 40427 | Orc:3    | Bought a beef jerky for 25 gold pieces
 40431 | Orc:3    | Found Fuon's Gadget Emporium.
 40519 | Orc:3    | Found a roughly hewn altar of Beogh.
 40730 | Orc:4    | Entered Level 4 of the Orcish Mines
 40730 | Orc:4    | Found Naelyup's Jewellery Emporium.
 40959 | Orc:4    | 56 chunks of flesh
 41120 | Orc:4    | Found Ohoclang's General Store.
 41131 | Orc:4    | Bought a scroll of vulnerability for 105 gold pieces
 41131 | Orc:4    | Bought a scroll of identify for 28 gold pieces
 41131 | Orc:4    | Bought a potion of heal wounds for 70 gold pieces
 41219 | Orc:4    | Bought an uncursed amulet of resist corrosion for 240 gold pieces
 41219 | Orc:4    | Bought the ring "Bewkiwna" {rC+ rN+ MR+ MP+9 Stlth+} for 495 gold pieces
 41248 | Orc:4    | Found Arifasaxt's Antique Armour Boutique.
 41259 | Orc:4    | Bought a warped cloak for 266 gold pieces
 41269 | Orc:4    | Identified the +2 cloak of Defiance {rC+ MR+ MP-9 Int+4} (You bought it in a shop on level 4 of the Orcish Mines)
 41269 | Orc:4    | Whoo, shopping spree
 41282 | Orc:4    | Found a staircase to the Elven Halls.
 41412 | Orc:4    | Found Axte's Antique Weapon Emporium.
 41421 | Orc:4    | Bought a crude arbalest for 256 gold pieces
 41425 | Orc:4    | Identified the +7 arbalest of Noon {speed, Int+6 Dex+2} (You bought it in a shop on level 4 of the Orcish Mines)
 41644 | Elf:1    | Entered Level 1 of the Elven Halls
 41809 | Elf:1    | Reached XP level 20. HP: 139/147 MP: 26/29
 41841 | Elf:1    | Found a magical portal.
 41846 | WizLab   | Entered The Hall of Uweic the Hellbinder
 41929 | WizLab   | Reached skill level 20 in Maces & Flails
 42248 | WizLab   | Upgraded the game from 0.18-a0-23-g19353e1 to 0.18-a0-27-g1f73fa3
 42395 | WizLab   | Noticed Uweic
 42407 | WizLab   | Killed Uweic the Hellbinder
 42409 | WizLab   | Found a burning altar of Makhleb.
 42430 | WizLab   | Identified the Volume of Damaging Lightness
 42432 | WizLab   | Got an ancient whip
 42433 | WizLab   | Identified the cursed +1 whip of Hoyngymp {distort, *Drain MR+ Int+3} (You found it in a wizard's laboratory)
 42438 | WizLab   | Identified the Incunabulum of Calling and Bewitchment
 42544 | WizLab   | Identified a -1 rod of shadows (10/10) (You found it in a wizard's laboratory)
 42554 | WizLab   | Identified the Grimoire of the Escort (You found it in a wizard's laboratory)
 42560 | WizLab   | Identified a +0 rod of shadows (14/14) (You found it in a wizard's laboratory)
 43240 | Elf:1    | Got a crude jade amulet
 43295 | Elf:1    | Identified the Collected Works on Creation and Confrontation (You found it on level 1 of the Elven Halls)
 43488 | Elf:1    | Got a sparkling silver ring
 43493 | Elf:1    | Identified the amulet of Jac Tuh {rMut rF+ rC+ SInv} (You took it off a deep elf conjurer on level 1 of the Elven Halls)
 43495 | Elf:1    | Identified the ring "Ecweuthy" {+Blink +Fly rElec rF++ Stlth-} (You took it off a deep elf conjurer on level 1 of the Elven Halls)
 44307 | Elf:2    | Reached XP level 21. HP: 153/153 MP: 31/31
 44480 | Elf:2    | Found a runed gate.
 44505 | Elf:2    | Found a runed gate.
 44511 | Elf:2    | Found a runed gate.
 45325 | Elf:2    | Reached skill level 10 in Evocations
 45695 | Elf:3    | Entered Level 3 of the Elven Halls
 45704 | Elf:3    | Reached skill level 15 in Invocations
 47487 | Elf:3    | Got a scorched pewter amulet
 47540 | Elf:3    | Identified the amulet of Cuxetof {rMut *Confuse rPois Dex+2 SInv} (You took it off a deep elf demonologist on level 3 of the Elven Halls)
 47542 | Elf:3    | Noticed Donald
 47550 | Elf:3    | Killed Donald
 47966 | Elf:3    | Reached XP level 22. HP: 153/160 MP: 33/33
 48209 | Elf:3    | Identified a +3 rod of inaccuracy (9/9) (You took it off a deep elf annihilator on level 3 of the Elven Halls)
 48290 | Elf:3    | Identified Keolah's Catalogue of Evil Secrets and Transmutation (You found it on level 3 of the Elven Halls)
 48413 | Elf:3    | Identified the Volume of Unholy Rites (You found it on level 3 of the Elven Halls)
 49226 | Shoals:1 | Noticed Roxanne
 49351 | Shoals:1 | Killed Roxanne
 49499 | Shoals:2 | Noticed Polyphemus
 50890 | Shoals:2 | Killed Polyphemus
 50986 | Shoals:2 | Reached skill level 15 in Armour
 51858 | Shoals:3 | Noticed timbw's ghost (journeyman VSFi)
 52303 | Shoals:2 | Upgraded the game from 0.18-a0-27-g1f73fa3 to 0.18-a0-33-g9e10395
 52385 | Shoals:3 | Killed timbw's ghost
 53021 | Shoals:4 | Entered Level 4 of the Shoals
 53048 | Shoals:4 | Got a coiled tin amulet
 53049 | Shoals:4 | Identified the amulet "Tocova Ismio" {Inacc rN++ Str+2} (You found it on level 4 of the Shoals)
 53354 | Shoals:4 | Noticed Ilsuiw
 53528 | Shoals:4 | Got a sparkling pewter ring
 53557 | Shoals:4 | Identified the ring "Seisuong" {+Fly AC+5 Str+3} (You took it off a merfolk on level 4 of the Shoals)
 53570 | Shoals:4 | Identified a scroll of acquirement
 53696 | Shoals:4 | Killed Ilsuiw
 54055 | Shoals:4 | Got a scintillating lead ring
 54057 | Shoals:4 | Identified the ring of the City {+/*Tele rElec Int+2 SInv Stlth-} (You found it on level 4 of the Shoals)
 54228 | Shoals:4 | Got a barnacled rune of Zot
 56353 | D:15     | Reached XP level 23. HP: 170/170 MP: 25/34
 56507 | Depths:1 | Noticed vible's ghost (adept HOGl)
 57914 | Vaults:1 | Entered Level 1 of the Vaults
 58629 | Vaults:1 | Noticed Asterion
 58671 | Vaults:1 | Killed Asterion
 60209 | Vaults:2 | Reached skill level 1 in Dodging
 60408 | Vaults:2 | Noticed Jory
 60428 | Vaults:2 | Killed Jory
 60902 | Vaults:2 | Found Sijiurar's Book Shoppe.
 61208 | Vaults:2 | Found Sima Qul's Assorted Antiques.
 61725 | Vaults:2 | Noticed Aizul
 61735 | Vaults:2 | Killed Aizul
 61813 | Vaults:2 | Reached skill level 5 in Dodging
 61819 | Vaults:2 | Reached XP level 24. HP: 180/185 MP: 26/35
 62617 | Vaults:3 | Found a staircase to the Crypt.
 62625 | Crypt:1  | Entered Level 1 of the Crypt
 62886 | Vaults:3 | Found Zafovvi's Jewellery Shoppe.
 63045 | Vaults:3 | Reached skill level 15 in Fighting
 65936 | Vaults:5 | Entered Level 5 of the Vaults
 65938 | Vaults:5 | Reached XP level 25. HP: 110/199 MP: 35/35
 65938 | Vaults:5 | Reached skill level 10 in Dodging
 66835 | D:13     | Found Jaaduc's Distillery.
 66843 | D:13     | Bought a potion of curing for 48 gold pieces
 66843 | D:13     | Bought a potion of curing for 48 gold pieces
 66843 | D:13     | Bought a potion of curing for 48 gold pieces
 66843 | D:13     | Bought a potion of curing for 48 gold pieces
 66843 | D:13     | Bought a potion of heal wounds for 80 gold pieces
 68067 | Slime:1  | Found a viscous altar of Jiyva.
 68427 | Slime:4  | Gained mutation: Your muscles are strong. (Str +2) [a shining eye]
 69759 | Slime:5  | Lost mutation: Your muscles are strong. (Str +2) [a shining eye]
 69760 | Slime:5  | Gained mutation: You are frail (-10% HP). [a shining eye]
 70223 | Slime:5  | Found a viscous altar of Jiyva.
 70379 | Slime:6  | Entered Level 6 of the Pits of Slime
 70403 | Slime:6  | Noticed the royal jelly
 70495 | Slime:6  | Killed the royal jelly
 71879 | Slime:6  | Got a slimy rune of Zot
 72025 | Slime:6  | Got a shimmering long sword
 72026 | Slime:6  | Identified the +4 long sword "Naareax" {venom, rF+ MP+9} (You found it on level 6 of the Pits of Slime)
 72036 | Slime:6  | Identified the Disquisition on Ice and Hexes
 72048 | Slime:6  | Got a steaming greatsling
 72049 | Slime:6  | Identified the +6 greatsling of Woaroh {speed, rF- Dex+5 Stlth+} (You found it on level 6 of the Pits of Slime)
 72128 | Slime:6  | Got a jewelled buckler
 72139 | Slime:6  | Identified the +0 buckler "Leerob" {rC+ MR+++ MP+9 Int-4} (You found it on level 6 of the Pits of Slime)
 72199 | Slime:6  | Learned a level 2 spell: Swiftness
 72544 | Slime:3  | Reached XP level 26. HP: 179/191 MP: 35/35
 73621 | Depths:1 | Killed vible's ghost
 73977 | Depths:1 | Upgraded the game from 0.18-a0-33-g9e10395 to 0.18-a0-42-g56b16cb
 74125 | Depths:1 | Found a gateway to Hell.
 74134 | Hell     | Entered the Vestibule of Hell
 74134 | Hell     | Noticed Geryon
 74394 | Depths:1 | Identified the Almanac of Summoning
 74406 | Depths:1 | Got a serpentine silver amulet
 74407 | Depths:1 | Identified the amulet "Fuubul" {Clar -Tele +Inv rF+++ MP-9} (You found it on level 1 of the Depths)
 75816 | Depths:2 | Reached skill level 15 in Dodging
 77414 | Depths:3 | Reached XP level 27. HP: 185/196 MP: 26/35
 77520 | Depths:3 | Reached skill level 15 in Shields
 77553 | Depths:3 | Noticed Azhtabak's ghost (veteran FoFi)
 77622 | Depths:3 | Killed Azhtabak's ghost
 78437 | Depths:3 | Found a gateway to a ziggurat.
 78473 | Depths:3 | Let's go zig splatting
 78495 | Zig:1    | Entered Level 1 of a ziggurat
 78518 | Zig:2    | Entered Level 2 of a ziggurat
 78563 | Zig:2    | Got a shimmering ivory ring
 78564 | Zig:2    | Identified the ring "Yfouh" {*Drain rPois MR+ Dex+5 Stlth+} (You found it on level 2 of a ziggurat)
 78585 | Zig:3    | Entered Level 3 of a ziggurat
 78648 | Zig:4    | Entered Level 4 of a ziggurat
 78685 | Zig:4    | Got a shimmering turquoise ring
 78687 | Zig:4    | Identified the ring "Ebilaj" {Int+5 SInv Stlth-} (You found it on level 4 of a ziggurat)
 78780 | Zig:5    | Entered Level 5 of a ziggurat
 78784 | Zig:5    | Noticed an ancient lich
 78819 | Zig:5    | Killed an ancient lich
 79202 | Zig:5    | Upgraded the game from 0.18-a0-42-g56b16cb to 0.18-a0-49-gd105b5a
 79226 | Zig:6    | Entered Level 6 of a ziggurat
 79328 | Zig:6    | Got a bound iron ring
 79479 | Zig:7    | Entered Level 7 of a ziggurat
 79603 | Zig:7    | Got a smoking chain mail
 79614 | Zig:7    | Identified the +5 chain mail of Facuoth {rElec rN+ Dex+5} (You found it on level 7 of a ziggurat)
 79640 | Zig:7    | Identified the ring of Incredulity {Fire Int+4 Dex+6} (You found it on level 6 of a ziggurat)
 79752 | Zig:8    | Entered Level 8 of a ziggurat
 79898 | Zig:9    | Entered Level 9 of a ziggurat
 79950 | Zig:9    | Got a wavering ivory ring
 79951 | Zig:9    | Identified the ring "Uli Udigi" {SustAt rC+} (You found it on level 9 of a ziggurat)
 79960 | Zig:9    | Got a faintly glowing granite ring
 79961 | Zig:9    | Identified the ring of Fozxaes {rF+ Dex+2} (You found it on level 9 of a ziggurat)
 79964 | Zig:9    | Got a steaming quarterstaff
 79967 | Zig:9    | Lost mutation: You are frail (-10% HP). [potion of cure mutation]
 79970 | Zig:9    | Got a bound tin amulet
 79971 | Zig:9    | Identified the amulet "Loklet" {Faith MR+ Stlth+} (You found it on level 9 of a ziggurat)
 80316 | Depths:3 | Gained mutation: You have large cloven feet. [potion of beneficial mutation]
 80898 | Depths:4 | Found a one-way gate to the infinite horrors of the Abyss.
 81448 | Depths:5 | Entered Level 5 of the Depths
 81626 | Depths:5 | Noticed a juggernaut
 81635 | Depths:5 | Reached skill level 21 in Maces & Flails
 81664 | Depths:4 | Killed a juggernaut
 82498 | Hell     | Killed Geryon
 82681 | Hell     | Found a gateway to the ashen valley of Gehenna.
 82822 | Hell     | Found a gateway to the decaying netherworld of Tartarus.
 82919 | Hell     | Found a gateway to the freezing wastes of Cocytus.
 83008 | Hell     | Found a gateway to the Iron City of Dis.
 83435 | Depths:5 | Reached skill level 22 in Maces & Flails
 83450 | Depths:5 | Gained mutation: You are frail (-10% HP). [helix card]
 83456 | Depths:5 | Lost mutation: You have large cloven feet. [potion of cure mutation]
 83456 | Depths:5 | Lost mutation: You are frail (-10% HP). [potion of cure mutation]
 83590 | Depths:5 | Found a one-way gate leading to the halls of Pandemonium.
 83692 | Depths:5 | Noticed an ancient lich
 83961 | Depths:5 | Noticed a juggernaut
 83979 | Depths:5 | Killed a juggernaut
 84208 | Depths:5 | Noticed a juggernaut
 84304 | Depths:4 | Killed an ancient lich
 84573 | Depths:5 | Killed a juggernaut
 84838 | Depths:5 | Found a gate to the Realm of Zot.
 85091 | Zot:1    | Entered Level 1 of the Realm of Zot
 85288 | Zot:1    | Reached skill level 23 in Maces & Flails
 85832 | Depths:5 | Got a shimmering plate armour
 85843 | Depths:5 | Identified the +6 plate armour of the Fifty Ships {Str+4} (You found it on level 5 of the Depths)
 87769 | Vaults:5 | Reached skill level 24 in Maces & Flails
 88030 | Vaults:5 | Noticed an ancient lich
 88045 | Vaults:5 | Killed an ancient lich
 88203 | Vaults:5 | Identified the Volume of a Thousand Dances
 88501 | Vaults:5 | Found Vaymuaxt's Magic Scroll Boutique.
 88508 | Vaults:5 | Bought a scroll of identify for 40 gold pieces
 88511 | Vaults:5 | Got a silver rune of Zot
 89342 | Vaults:2 | Bought a scroll of brand weapon for 720 gold pieces
 94526 | Orc:4    | Bought the +1 ratskin cloak {rPois rN+ Int-1 Dex-1} for 579 gold pieces
 94883 | Depths:5 | Reached skill level 25 in Maces & Flails
 95011 | Zot:2    | Got a fine cloak
 95025 | Zot:2    | Identified the cursed -2 cloak "Yvi Sux" {rF+ Int-3 SInv} (You found it on level 2 of the Realm of Zot)
 96631 | Zot:5    | Entered Level 5 of the Realm of Zot
 98668 | Zot:5    | Noticed an ancient lich
 98703 | Zot:5    | Killed an ancient lich
 98890 | Zot:5    | Noticed an orb of fire
 98901 | Zot:5    | Killed an orb of fire
 99207 | Zot:5    | Noticed an orb of fire
 99212 | Zot:5    | Killed an orb of fire
 99212 | Zot:5    | Reached skill level 26 in Maces & Flails
 99684 | Zot:5    | Noticed an orb of fire
 99686 | Zot:5    | Noticed an orb of fire
 99688 | Zot:5    | Killed an orb of fire
 99708 | Zot:5    | Killed an orb of fire
 99810 | Zot:5    | Noticed an ancient lich
 99813 | Zot:5    | Killed an ancient lich
100196 | Zot:5    | Got the Orb of Zot
100218 | Zot:5    | Noticed Goenkish the pandemonium lord
100227 | Zot:5    | Killed Goenkish the pandemonium lord
100236 | Zot:5    | Noticed Xaticlosk the pandemonium lord
100261 | Zot:5    | Noticed a seraph
100307 | Zot:2    | Noticed a seraph
100311 | Zot:2    | Killed a seraph
100376 | Zot:1    | Noticed a seraph
100387 | Depths:5 | Noticed Gosm the pandemonium lord
100404 | Depths:5 | HP: 11/220 [blizzard demon/the air (11)]
100409 | Depths:5 | HP: 10/220 [angel/sacred scourge of holy wrath[a seraph] (4)]
100635 | D:12     | Noticed Anlifum the pandemonium lord
100823 | D:$      | Escaped with the Orb!

Vault maps used:
D:1:      dpeg_arrival_connections
D:2:      lemuel_crystal_altar, serial_forest, infiniplex_forest_lined_3_way,
          infiniplex_forest_clump_cross, infiniplex_forest_straight_3,
          infiniplex_forest_clump_small, uniq_sigmund, uniq_jessica,
          uniq_crazy_yiuf_cottage
D:3:      grunt_temple_overflow_champion_of_chaos, lemuel_doored_altar,
          uniq_terence
D:4:      zin_purify, lemuel_coloured_pillars_altar, uniq_edmund
D:5:      marbit_many_paths, minmay_temple_entry_statues_pillars, first_bread,
          uniq_prince_ribbit1
D:6:      kiku_gazebo_pond_becter, serial_shops, shop, kennysheep_little_box,
          shop, kennysheep_generic_room_13
D:7:      serial_shops, shop
D:8:      hangedman_pestilent_swarm
D:9:      okawaru_arena_lexackson, okawaru_humans, uniq_maurice
D:10:     grunt_lair_entry_elf_guard_hut, uniq_erolcha, uniq_erica
D:11:     portal_ice_cave_entry_imps, enter_bailey_1
D:12:     orc_0_dummy, minmay_misc_feat_secret_circle, uniq_harold
D:13:     kennysheep_windowed_goal
D:14:     minmay_stepped, grunt_vaults_entry_tiered, minivault_27,
          grunt_decor_clamped, spider_trap, grunt_ministairs_1, hex_large,
          nicolae_qazlal_style_of_elements
D:15:     hangedman_depths_entry_civil_slaughter,
          lemuel_mausoleum_altar_yredelemnul, tgw_lugonu_bribe
Lair:1:   uniq_joseph
Lair:4:   elwin_shoals_entry_stream, nicolae_spider_entry_non_spiders,
          basic_altar, lab_entry_generic, uniq_josephine, uniq_snorg
Lair:5:   bh_autumn_forest_stairs
Lair:7:   dpeg_oklob_gauntlet, slime_altar_1, uniq_nessos
Lair:8:   grunt_lair_end_beastmaster, basic_altar
Shoals:1: uniq_roxanne
Shoals:2: nicolae_shoals_aquamancer_cove, uniq_polyphemus
Shoals:4: nicolae_shoals_island_circles, shoals_end_grunt_ice, shoal_ilsuiw
Spider:1: spider_trap
Spider:3: uniq_wiglaf, uniq_agnes
Spider:4: grunt_spider_rune_circles, spider_trap
Slime:1:  basic_altar
Slime:5:  basic_altar, nicolae_slime_barrier
Orc:1:    lemuel_ogre_cave, nicolae_volcano_entry_lava_flow
Orc:2:    basic_altar
Orc:3:    serial_shops, shop, nicolae_shop_trees, nicolae_orc_pool_cavern,
          minmay_orc_temple_a
Orc:4:    grunt_orc_gardens, grunt_orc_garden, grunt_orc_garden,
          grunt_orc_garden, grunt_orc_garden
Elf:1:    eino_elf_arrival_customs, infiniplex_enter_wizlab_spiral,
          minmay_elf_sorcery
Elf:2:    grunt_ministairs_14
Elf:3:    elf_hall_gauntlet_wide, uniq_donald
Vaults:1: grunt_vaults_twisty, nicolae_vaults_branching_niches,
          vaults_room_stairs_pillars, hangedman_vaults_slice,
          ontoclasm_vaults_ring_small, vaults_room_door_hall, v_alt_pattern_5,
          v_misc_13, ontoclasm_vaults_eye, grunt_vaults_hallway_short,
          uniq_asterion
Vaults:2: vaults_mumra_lcd, v_rooms_5, v_misc_30, hangedman_vaults_stitches,
          nicolae_vaults_little_squares_6, ontoclasm_vaults_ring_square,
          grunt_vaults_hallway_short, v_misc_11, vaults_dpeg_spiral,
          grunt_vaults_diagonal, vaults_room_fours, vaults_room_pool,
          vaults_room_pools, serial_shops, shop, nicolae_shop_behind_doors,
          uniq_jory, uniq_aizul
Vaults:3: vaults_standard_mumra_enter_the_diamond, vaults_room_grid,
          hangedman_vaults_cutoff, minmay_crypt_entry_simple_walls,
          ontoclasm_vaults_ring_large, hangedman_vaults_maws,
          nicolae_vaults_sealed_display, nicolae_vaults_theta,
          nicolae_vaults_alarming, dpeg_vaults_monster_box, serial_shops, shop
Vaults:4: v_alt_pattern_6, nicolae_vaults_theta, v_misc_19,
          ontoclasm_vaults_ligature, hangedman_vaults_restitches,
          nicolae_vaults_fighting_squares, ontoclasm_vaults_tryst,
          hangedman_vaults_corner_blocks, nicolae_vaults_asterisk,
          vaults_room_ringed_pool, vaults_mumra_hexcomb
Crypt:1:  grunt_crypt_arrival_guarded_gate
Depths:1: pf_hell_entry_great_geh, library_closet, minmay_acid_items,
          kennysheep_random_hallway, infiniplex_staircase_pool_lava
Depths:2: minmay_smoke_and_mirrors, hex_medium, lightli_too_deep,
          serial_bayou_pond_c, serial_bayou_shore_a,
          infiniplex_staircase_pillars_2
Depths:3: minmay_box_of_statues, enter_ziggurat_a, abandoned_shop,
          grunt_hell_entry_dis_grunt, grunt_pan_entry_sceptre
Depths:4: kennysheep_spiral_hall, hex_tiny, marbit_kobold_abyss_entry,
          hell_entry, minmay_staircase_statues
Depths:5: grunt_zot_entry_tricorne, rand_demon_pan_entry_8, hell_entry,
          serial_sigils_hangedman_etch, minmay_multi_spiral
Zot:1:    st_single_dragon_hoard_4
Zot:2:    hangedman_swamp_dais
Zig:5:    ziggurat_pillar_centre_dead_trees
Volcano:  volcano_tomb
WizLab:   wizlab_demon

Action                   |  1- 3 |  4- 6 |  7- 9 | 10-12 | 13-15 | 16-18 | 19-21 | 22-24 | 25-27 || total
-------------------------+-------+-------+-------+-------+-------+-------+-------+-------+-------++-------
Melee: Flail             |    98 |   199 |   359 |   798 |   152 |       |       |       |       ||  1606
       Dagger            |       |       |     9 |    47 |     2 |       |       |       |       ||    58
       Morningstar       |       |       |    39 |    22 |   987 |  1073 |       |       |       ||  2121
       Mace              |       |       |     3 |    11 |       |       |       |       |       ||    14
       Dire flail        |       |       |       |       |       |   297 |       |       |       ||   297
       Great mace        |       |       |       |       |       |   458 |   867 |  1929 |  2735 ||  5989
       Eveningstar       |       |       |       |       |       |       |   103 |    23 |       ||   126
       Demon whip        |       |       |       |       |       |       |       |   111 |   336 ||   447
 Fire: Hunting sling     |       |       |     8 |     3 |       |       |       |       |       ||    11
       Blowgun           |       |       |       |    29 |     8 |       |       |       |       ||    37
       Arbalest          |       |       |       |       |   125 |   223 |   530 |   408 |  1162 ||  2448
       Triple crossbow   |       |       |       |       |       |       |       |     9 |       ||     9
Throw: Throwing net      |       |     1 |       |       |       |     3 |     3 |     1 |     7 ||    15
       Stone             |       |       |     2 |     3 |       |       |       |       |       ||     5
Invok: Upheaval          |       |       |     2 |     1 |     9 |    20 |    27 |    10 |    15 ||    84
       Elemental Force   |       |       |       |       |     2 |     2 |     2 |     1 |     4 ||    11
       Disaster Area     |       |       |       |       |     1 |     2 |     3 |     2 |    15 ||    23
 Abil: Dig               |     2 |     5 |     9 |    13 |     8 |    15 |     8 |    12 |    63 ||   135
       Evoke Flight      |       |       |       |       |       |       |       |    12 |     3 ||    15
       Stop Flying       |       |       |       |       |       |       |       |     1 |       ||     1
Evoke: Wand              |       |       |       |     9 |     4 |       |       |       |    10 ||    23
       Box of beasts     |       |       |       |       |       |     1 |       |       |       ||     1
       Rod               |       |       |       |       |       |       |       |     3 |    23 ||    26
       Disc of storms    |       |       |       |       |       |       |       |     3 |     9 ||    12
       Stone of tremors  |       |       |       |       |       |       |       |     1 |     3 ||     4
       Phial of floods   |       |       |       |       |       |       |       |       |     5 ||     5
       Lamp of fire      |       |       |       |       |       |       |       |       |     2 ||     2
       Deck              |       |       |       |       |       |       |       |       |     1 ||     1
       Phantom mirror    |       |       |       |       |       |       |       |       |     1 ||     1
  Use: Scroll            |       |     5 |     2 |    19 |     5 |     9 |    11 |     6 |    39 ||    96
       Potion            |       |       |     1 |     5 |       |     5 |     1 |     3 |    46 ||    61
 Stab: Invisible         |       |       |       |     2 |       |     3 |       |       |       ||     5
       Confused          |       |       |       |       |       |       |       |       |     2 ||     2
       Distracted        |       |       |       |       |       |       |       |       |     1 ||     1
       Paralysed         |       |       |       |       |       |       |       |       |     1 ||     1
  Eat: Chunk             |       |     6 |    15 |    26 |    28 |    43 |    32 |    57 |    53 ||   260
       Beef jerky        |       |       |       |       |     2 |     3 |       |     1 |     4 ||    10
       Fruit             |       |       |       |       |       |     2 |       |       |       ||     2
       Bread ration      |       |       |       |       |       |     1 |       |       |     6 ||     7
       Royal jelly       |       |       |       |       |       |       |     1 |       |     4 ||     5
       Meat ration       |       |       |       |       |       |       |       |     1 |     8 ||     9
       Pizza             |       |       |       |       |       |       |       |       |     4 ||     4
